 Dungeon Sprint DCSS version 0.29.1-2-gbd0b4ee654 (webtiles) character file.

Game seed: 14714516965106477666

2964 Groucho the Blocker (level 9, -2/63 HPs)
             Began as a Gargoyle Fighter on Nov 25, 2022.
             Was a Priest of Cheibriados.
             Slain by a nine-headed hydra (4 damage)
             ... in the Dungeon (Sprint IX: "|||||||||||||||||||||||||||||").
             The game lasted 00:06:24 (785 turns).

Groucho the Blocker (Gargoyle Fighter)               Turns: 785, Time: 00:06:25

Health: -2/63      AC: 19    Str: 31    XL:     9   Next: 82%
Magic:  6/17       EV: 15    Int: 17    God:    Cheibriados [***...]
Gold:   0          SH:  8    Dex: 23    Spells: 8/8 levels left

rFire   . . .      SeeInvis .   n - +2 morningstar "Deseasm" {vorpal, Dex+2}
rCold   . . .      Faith    .   c - +0 buckler
rNeg    + . .      Spirit   .   p - +2 ring mail
rPois   ∞          Reflect  .   (no helmet)
rElec   +          Harm     .   (no cloak)
rCorr   .          Rampage  .   o - +0 pair of gloves
Will    .....      NoTele   +   (no boots)
Stlth   +.........              (no amulet)
HPRegen 0.20/turn               b - +3 ring of strength
MPRegen 0.15/turn               q - +2 ring of protection

@: very slow
A: sickness immunity, AC +6, negative energy resistance 1, electricity
resistance, torment resistance 1, petrification resistance
a: Renounce Religion, Bend Time, Temporal Distortion


You were in the Dungeon.
You worshipped Cheibriados.
Cheibriados was most pleased with you.
You visited 1 branch

Inventory:

Hand Weapons
 a - a +0 war axe
 m - the +1 broad axe "Ogawku" {antimagic, Dex+2}
   (You found it in the Dungeon)

   It reduces the magical energy of the wielder, and disrupts the spells and
   magical abilities of those it strikes.
   Natural abilities and divine invocations are not affected.
   Dex:       It affects your dexterity (+2).
 n - the +2 morningstar "Deseasm" (weapon) {vorpal, Dex+2}
   (You found it in the Dungeon)

   It inflicts extra damage upon your enemies.
   Dex:       It affects your dexterity (+2).
Missiles
 r - 9 stones (quivered)
 s - 2 boomerangs
Armour
 c - a +0 buckler (worn)
 o - a +0 pair of gloves (worn)
 p - a +2 ring mail (worn)
Jewellery
 b - a +3 ring of strength (left hand)
 q - a +2 ring of protection (right hand)
Wands
 l - a wand of acid (10)
Scrolls
 j - 2 scrolls of blinking
 k - 2 scrolls of amnesia
 t - 4 scrolls of enchant weapon
 u - 2 scrolls of butterflies
Potions
 d - a potion of might
 e - 4 potions of heal wounds
 f - a potion of curing
 g - a potion of haste
 h - 4 potions of magic
 i - a potion of berserk rage


   Skills:
 + Level 10.9 Fighting
 + Level 8.9 Axes
 + Level 10.8 Armour
 * Level 5.8 Dodging
 + Level 10.9 Shields
 * Level 10.8 Invocations


You had 8 spell levels left.
You didn't know any spells.
Your spell library was empty.

Dungeon Overview and Level Annotations

Branches:
Dungeon (1/1)

Altars:
Cheibriados
Dithmenos
Elyvilon
Fedhas
Gozag
Hepliaklqana
Kikubaaqudgha
Makhleb
Nemelex Xobeh
Okawaru
Qazlal
Ru
Sif Muna
Trog
Uskayaw
Vehumet
Wu Jian
Xom
Yredelemnul
Zin
The Shining One
Jiyva
Lugonu


Innate Abilities, Weirdness & Mutations

You are immune to sickness and miasma.
Your stone body is resilient. (AC +6)
You are immune to poison.
You resist negative energy. (rN+)
You are resistant to electric shocks. (rElec)
You are resistant to unholy torment.
You are immune to petrification.


Message History

The nine-headed hydra barely misses you.
The nine-headed hydra bites you.
The nine-headed hydra completely misses you.
The nine-headed hydra misses you.
The nine-headed hydra bites you but does no damage.
The nine-headed hydra barely misses you.
The nine-headed hydra bites you but does no damage.
The nine-headed hydra bites you.
The nine-headed hydra bites you but does no damage. x2
The nine-headed hydra bites you.
* * * LOW HITPOINT WARNING * * *
The nine-headed hydra bites you.
* * * LOW HITPOINT WARNING * * *
The nine-headed hydra bites you but does no damage.
The nine-headed hydra completely misses you.
Unknown command.
You feel much better.
The nine-headed hydra bites you but does no damage.
The nine-headed hydra bites you.
The nine-headed hydra closely misses you.
You block the nine-headed hydra's attack.
The nine-headed hydra bites you.
The nine-headed hydra bites you but does no damage.
The nine-headed hydra closely misses you.
You block the nine-headed hydra's attack.
The nine-headed hydra barely misses you.
You are too injured to fight recklessly!
Unknown command.
You are too injured to fight recklessly!
You sock the nine-headed hydra!
The nine-headed hydra is severely wounded.
The nine-headed hydra bites you!
* * * LOW HITPOINT WARNING * * *
You block the nine-headed hydra's attack.
The nine-headed hydra misses you.
You block the nine-headed hydra's attack.
The nine-headed hydra bites you!
* * * LOW HITPOINT WARNING * * *
The nine-headed hydra bites you.
You die...

▓▓▓▓▓▓▓▓▓▓▓▓▓▓▓▓▓▓▓▓▓▓▓▓
lDhYhhD@............'...
▓▓▓▓▓▓▓▓▓▓▓▓▓▓▓▓▓▓▓▓▓▓▓▓▓▓▓▓▓▓▓▓▓
.................................
▓▓▓▓▓▓▓▓▓▓▓▓▓▓▓▓▓▓▓▓▓▓▓▓▓▓▓▓▓▓▓▓▓
____________________'.....).....)
▓▓▓▓▓▓▓▓▓▓▓▓▓▓▓▓▓▓▓▓▓▓▓▓▓▓▓▓▓▓▓▓▓


You could see a nine-headed hydra, an elephant, a polar bear, a basilisk, a
steam dragon, a black bear and a wolf.

Vanquished Creatures
  2 centaur warriors (D)
  A deep elf pyromancer (D)
  A cyclops (D)
  A gargoyle (D)
  A kobold demonologist (D)
  A shadow (D)
  2 yaks (D)
  A wraith (D)
  A centaur (D)
  A gnoll bouda (D)
  A hound (D)
  An adder (D)
  2 orcs (D)
  2 bats (D)
  A goblin (D)
  A quokka (D)
  A rat (D)
21 creatures vanquished.

Vanquished Creatures (others)
  A deep elf pyromancer (D)
1 creature vanquished.

Grand Total: 22 creatures vanquished

Notes
Turn   | Place    | Note
-------+----------+-------------------------------------------
     0 | D        | Groucho the Gargoyle Fighter began the quest for the Orb.
     0 | D        | Reached XP level 1. HP: 14/14 MP: 1/1
    20 | D        | Noticed a gnoll bouda
    20 | D        | Noticed a hound
    31 | D        | Killed a hound
    32 | D        | Reached XP level 2. HP: 20/20 MP: 2/2
    32 | D        | Reached XP level 3. HP: 24/24 MP: 3/3
    37 | D        | Reached skill level 5 in Fighting
    37 | D        | Reached skill level 5 in Armour
    37 | D        | Reached skill level 5 in Shields
    46 | D        | Reached XP level 4. HP: 31/31 MP: 4/4
    55 | D        | Found a snail-covered altar of Cheibriados.
    55 | D        | Found a shadowy altar of Dithmenos.
    55 | D        | Found a white marble altar of Elyvilon.
    55 | D        | Found a blossoming altar of Fedhas.
    55 | D        | Found an opulent altar of Gozag.
    56 | D        | Found a hazy altar of Hepliaklqana.
    57 | D        | Found a viscous altar of Jiyva.
    58 | D        | Found an ancient bone altar of Kikubaaqudgha.
    59 | D        | Became a worshipper of Cheibriados the Contemplative
    75 | D        | Found a corrupted altar of Lugonu.
    76 | D        | Found a burning altar of Makhleb.
    77 | D        | Found a sparkling altar of Nemelex Xobeh.
    78 | D        | Found an iron altar of Okawaru.
    79 | D        | Found a stormy altar of Qazlal.
    80 | D        | Found a sacrificial altar of Ru.
    81 | D        | Found a shimmering blue altar of Sif Muna.
    82 | D        | Found a bloodstained altar of Trog.
    83 | D        | Found a hide-covered altar of Uskayaw.
    84 | D        | Found a radiant altar of Vehumet.
    85 | D        | Found an ornate altar of the Wu Jian Council.
    86 | D        | Found a shimmering altar of Xom.
    87 | D        | Found a basalt altar of Yredelemnul.
    88 | D        | Found a glowing silver altar of Zin.
    89 | D        | Found a glowing golden altar of the Shining One.
   105 | D        | Got the +1 broad axe "Ogawku" {antimagic, Dex+2}
   105 | D        | Got the +2 morningstar "Deseasm" {vorpal, Dex+2}
   137 | D        | Noticed a centaur
   137 | D        | Noticed a shadow
   137 | D        | Noticed a wraith
   137 | D        | Noticed a yak
   137 | D        | Noticed a yak
   137 | D        | Noticed a kobold demonologist
   148 | D        | Killed a kobold demonologist
   149 | D        | Reached skill level 5 in Axes
   149 | D        | Reached XP level 5. HP: 38/38 MP: 1/8
   149 | D        | Reached XP level 6. HP: 44/44 MP: 1/9
   160 | D        | Killed a yak
   161 | D        | Reached skill level 5 in Invocations
   161 | D        | Reached XP level 7. HP: 12/49 MP: 2/11
   166 | D        | Killed a yak
   166 | D        | Reached * piety under Cheibriados
   179 | D        | Killed a wraith
   183 | D        | Killed a shadow
   184 | D        | Reached XP level 8. HP: 26/56 MP: 3/13
   189 | D        | Reached ** piety under Cheibriados
   464 | D        | Noticed a deep elf pyromancer
   464 | D        | Noticed a cyclops
   464 | D        | Noticed a centaur warrior
   464 | D        | Noticed a deep elf pyromancer
   464 | D        | Noticed a centaur warrior
   464 | D        | Noticed a gargoyle
   469 | D        | Killed a gargoyle
   477 | D        | Killed a deep elf pyromancer
   477 | D        | Reached *** piety under Cheibriados
   478 | D        | Reached skill level 10 in Fighting
   478 | D        | Reached skill level 10 in Armour
   478 | D        | Reached skill level 10 in Shields
   478 | D        | Reached XP level 9. HP: 42/62 MP: 5/15
   479 | D        | Killed a centaur warrior
   491 | D        | Killed a centaur warrior
   492 | D        | Reached skill level 5 in Dodging
   492 | D        | Reached skill level 10 in Invocations
   492 | D        | HP: 1/63 [burnt (5)]
   494 | D        | Killed a deep elf pyromancer
   503 | D        | Killed a cyclops
   775 | D        | Noticed an elephant
   775 | D        | Noticed an eight-headed hydra
   775 | D        | Noticed a polar bear
   785 | D        | HP: 2/63 [nine-headed hydra (9)]
   785 | D        | Slain by a nine-headed hydra

Illustrated notes

Levels and vault maps discovered:
D:        linesprint [early_d, line_temple, items_1, d_10, items_2, lair_1,
          lair_end, items_3, orc_1, orc_end, items_4, d_15, swamp_1, shoals_1,
          snake_1, spider_1, d_20, vaults_1, items_5, swamp_end, shoals_end,
          snake_end, spider_end, vaults_end, d_27, items_6, zot_1, zot_end,
          crypt_end, forest_end, elf_end, slime_end, tomb_end, abyss_end,
          pan_hell_end]

Skill      XL: |  1  2  3  4  5  6  7  8  9 |
---------------+----------------------------+-----
Axes           | 3 4 5 6 7 8 |  8.9
Fighting       | 4 5 7 8 9 10 | 10.9
Armour         | 4 5 7 8 9 10 | 10.8
Shields        | 4 5 7 8 9 10 | 10.9
Invocations    | 4 5 7 9 10 | 10.8
Dodging        | 3 5 |  5.8

Action                   |  1- 3 |  4- 6 |  7- 9 || total
-------------------------+-------+-------+-------++-------
Melee: War axe           |    33 |     3 |       ||    36
       Broad axe         |       |    23 |    58 ||    81
       Morningstar       |       |       |     3 ||     3
  Use: Potion            |     2 |       |    10 ||    12
       Scroll            |       |       |     1 ||     1
 Stab: Invisible         |       |       |     2 ||     2
Armor: Scale mail        |    13 |     1 |       ||    14
       Ring mail         |       |     9 |    79 ||    88
Dodge: Dodged            |    18 |     4 |    64 ||    86
Block: Buckler           |     7 |     8 |    41 ||    56
